 Crawl Stoat Soup version 0.23-ish-327-95-g181beea39d (console) character file.

50096 damerell the Spear-Bearer (level 14, -1/105 HPs)
             Began as a Vampire Wanderer on Apr 6, 2024.
             Was the Champion of Dithmenos.
             Slain by a swamp dragon (5 damage)
             ... on level 6 of the Lair of Beasts on Apr 8, 2024.
             The game lasted 01:51:24 (23134 turns).

damerell the Spear-Bearer (Vampire Wanderer)       Turns: 23134, Time: 01:51:27

Health: -1/105     AC: 13    Str: 20    XL:     14   Next: 18%
Magic:  0/26       EV: 16    Int: 15    God:    Dithmenos [******]
Gold:   590        SH:  0    Dex: 14    Spells: 19/30 levels left

rFire    + . .     SeeInvis +   a - +4 halberd (freeze)
rCold    . . .     Gourm    .   (shield currently unavailable)
rNeg     . . .     Faith    .   T - +1 leather armour of the Wild Haggis {rF+ MR+}
rPois    +         Spirit   +   V - +0 helmet
rElec    .         Warding  .   v - +1 cloak
rCorr    .         Reflect  .   O - +0 pair of gloves
MR       ++...     Harm     .   w - +0 pair of boots
Stlth    ++++++....             Z - amulet of guardian spirit
HPRegen  0.47/turn              l - +3 ring of protection
MPRegen  0.20/turn              X - ring of poison resistance

@: mighty, about to teleport, very slightly contaminated, regenerating quickly,
hasted, wreathed by umbra, studying Spellcasting, very quick
A: fangs 3, see invisible, unbreathing
a: Shadow Step, Shadow Form, Renounce Religion


You were on level 6 of the Lair of Beasts.
You worshipped Dithmenos.
Dithmenos was exalted by your worship.
You were almost alive.

You visited 2 branches of the dungeon, and saw 15 of its levels.
You also visited: Labyrinth and Sewer.

You collected 830 gold pieces.
You spent 240 gold pieces at shops.

Inventory:

Hand Weapons
 a - a +4 halberd of freezing (weapon)
   (You took it off a gnoll on level 2 of the Dungeon)
 b - a +2 spear of freezing
   (You took it off a gnoll on level 8 of the Dungeon)
Missiles
 f - 17 javelins of penetration
 t - 252 stones (quivered)
 x - 6 curare-tipped darts
 S - 2 steel javelins
 W - a throwing net
Armour
 g - a +2 robe of cold resistance
   (You took it off Fannar on level 3 of the Lair of Beasts)
 v - a +1 cloak (worn)
   (You found it on level 3 of the Lair of Beasts)
 w - a +0 pair of boots (worn)
   (You found it on level 5 of the Lair of Beasts)
 O - a +0 pair of gloves (worn)
   (You found it on level 6 of the Dungeon)
 T - the +1 leather armour of the Wild Haggis (worn) {rF+ MR+}
   (You found it in a labyrinth)

   It protects you from fire.
   It affects your resistance to hostile enchantments.
 V - a +0 helmet (worn)
   (You found it on level 8 of the Dungeon)
Jewellery
 i - a +4 ring of dexterity
   (You found it on level 8 of the Dungeon)
 l - a +3 ring of protection (left hand)
   (You found it on level 1 of the Lair of Beasts)
 n - an uncursed amulet of the acrobat
   (You found it on level 1 of the Dungeon)
 u - an uncursed ring of protection from fire
   (You found it on level 2 of the Dungeon)
 B - an uncursed ring of flight
   (You took it off an orc on level 3 of the Dungeon)
 C - an uncursed ring of protection from cold
   (You found it on level 1 of the Lair of Beasts)
 X - a ring of poison resistance (right hand)
   (You found it on level 4 of the Dungeon)
 Z - an amulet of guardian spirit (around neck)
   (You found it on level 9 of the Dungeon)
Wands
 k - a wand of polymorph (9 charges)
 o - a wand of acid (5 charges)
 s - 4 wands of iceblast (34 charges)
 y - a wand of mindburst (13 charges)
 E - a wand of digging (8 charges)
 H - a wand of paralysis (7 charges)
Scrolls
 c - a scroll of summoning {unknown}
 d - 9 scrolls of teleportation
 e - 5 scrolls of remove curse
 p - a scroll of torment {unknown}
 r - 3 scrolls of fog
 A - a scroll of fear
 I - 2 scrolls of magic mapping
 M - a scroll of amnesia {unknown}
 N - a scroll of noise
 Y - a scroll of blinking
Potions
 j - 2 potions of haste
 m - 10 potions of curing
 q - 34 potions of blood
 z - 2 potions of ambrosia
 D - 4 potions of heal wounds
 F - 3 potions of magic
 G - a potion of invisibility
 J - 3 potions of flight
 K - a potion of brilliance
 P - 5 potions of cancellation
 R - 3 potions of agility
 U - a potion of resistance
Books
 L - a manual of Spellcasting
   (You found it in a labyrinth)


   Skills:
 - Level 8.0 Fighting
 + Level 14.8 Polearms
   Level 1.8 Crossbows
 - Level 4.0 Armour
 + Level 10.7 Dodging
 - Level 8.2 Stealth
   Level 1.0 Shields
 + Level 8.8 Spellcasting
 - Level 7.1 Summonings
 - Level 6.0 Ice Magic
 + Level 0.7 Air Magic
 + Level 4.4 Invocations


You had 19 spell levels left.
You knew the following spells:

 Your Spells              Type           Power        Failure   Level  Hunger
a - Call Canine Familiar  Summ           28/100       1%          3    #......
b - Summon Ice Beast      Ice/Summ       26/100       9%          4    ###....
c - Summon Lightning Spi  Summ/Air       18/100       24%         4    ###....

Your spell library contained the following spells:

 Spells                   Type           Power        Failure   Level  Hunger
 Summon Small Mammal      Summ           25/25        1%          1    None
 Call Imp                 Summ           28/100       1%          2    None
 Recall                   Summ/Tloc      N/A          9%          3    #......
 Summon Guardian Golem    Hex/Summ       17/100       9%          3    #......
 Flame Tongue             Conj/Fire      6/40         13%         1    None
 Slow                     Hex            6/100        19%         2    None
 Aura of Abjuration       Summ           28/200       19%         5    #####..
 Summon Demon             Summ           28/200       19%         5    #####..
 Inner Flame              Hex/Fire       6/100        36%         3    #......
 Portal Projectile        Hex/Tloc       6/50         36%         3    #......
 Summon Forest            Summ/Tloc      17/200       63%         5    #####..
 Summon Mana Viper        Hex/Summ       17/100       63%         5    #####..
 Shadow Creatures         Summ           N/A          71%         6    ######.
 Cause Fear               Hex            6/200        77%         4    ###....
 Leda's Liquefaction      Hex/Erth       6/200        77%         4    ###....
 Bolt of Fire             Conj/Fire      6/200        100%        6    ######.
 Dragon Form              Tmut           6/200        100%        7    #######
 Dragon's Call            Summ           28/200       100%        9    #######


Dungeon Overview and Level Annotations

Branches:
Dungeon (9/15)             Temple (0/1) D:7            Lair (6/6) D:9
  Swamp (0/4) Lair:3        Snake (0/4) Lair:4        Slime (0/5) Lair:6
    Orc: D:9-12

Altars:
Cheibriados
Dithmenos
Fedhas
Gozag
Nemelex Xobeh
Okawaru
Trog
Uskayaw
Vehumet
Wu Jian
Zin
Beogh
Jiyva

Shops:
D:7 (   D:9 )!}:*

Annotations:
Lair:2 exclusions: electric eel and 3 more exclusions


Innate Abilities, Weirdness & Mutations

Your natural rate of healing is unusually fast.
You have razor-sharp teeth.
You have supernaturally acute eyesight. (SInv)
You can survive without breathing.


Message History

The fire dragon is lightly wounded.
Your shadow hits the fire dragon but does no damage.
You puncture the fire dragon! You freeze the fire dragon!
The fire dragon is moderately wounded.
Your shadow hits the fire dragon with a halberd.
The fire dragon bites you. The fire dragon misses you.
The fire dragon tramples you.
You hold your ground!
The swamp dragon closely misses you. The swamp dragon misses you.
The swamp dragon barely misses you.
You hit the fire dragon. You freeze the fire dragon.
The fire dragon is moderately wounded.
Your shadow hits the fire dragon with a halberd.
The fire dragon bites you but does no damage.
The fire dragon completely misses you.
The fire dragon tramples you but does no damage.
The swamp dragon completely misses you. The swamp dragon claws you.
The swamp dragon tramples you but does no damage.
You hit the fire dragon. You freeze the fire dragon.
The fire dragon is heavily wounded.
The fire dragon completely misses you. The fire dragon closely misses you.
The fire dragon tramples you!
You hold your ground!
The swamp dragon bites you! The swamp dragon barely misses you. x2
Unknown command.
You feel very mighty all of a sudden. The fire dragon barely misses you.
The fire dragon claws you!
The fire dragon tramples you but does no damage.
The swamp dragon breathes poison at you.
The blast of poison engulfs you!
You are poisoned.
Unknown command.
Put on which piece of jewellery? (? for menu, Esc to quit)
You're wearing all the rings you can.
Remove which one? (? for menu, Esc to cancel) < or
l - a +3 ring of protection; > or
u - a ring of protection from fire You remove your ring of protection from fire.
You are engulfed in poison gas.
You are more poisoned.
You feel sick.
X - a ring of poison resistance (right hand)
You feel sick. The fire dragon bites you.
The fire dragon claws you but does no damage.
The fire dragon closely misses you.
The swamp dragon breathes poison at you.
The blast of poison misses you.
You feel better. The fire dragon breathes flames at you.
The blast of flame hits you! You resist.
The swamp dragon bites you but does no damage.
The swamp dragon misses you. The swamp dragon completely misses you.
Unknown command.
You feel yourself speed up. The fire dragon bites you!
* * * LOW HITPOINT WARNING * * *
The fire dragon claws you but does no damage.
The fire dragon misses you.
The swamp dragon breathes poison at you.
The blast of poison misses you.
You are very lightly contaminated with residual magic.
You closely miss the fire dragon.
The fire dragon is heavily wounded.
Your shadow hits the fire dragon but does no damage.
You closely miss the fire dragon. You bite the fire dragon.
The fire dragon is heavily wounded.
The fire dragon bites you but does no damage.
The fire dragon barely misses you. The fire dragon closely misses you.
The swamp dragon bites you.
* * * LOW HITPOINT WARNING * * *
The swamp dragon claws you but does no damage.
The swamp dragon misses you.
You impale the fire dragon!! You freeze the fire dragon!
You bite the fire dragon, but do no damage.
The fire dragon is almost dead.
You barely miss the fire dragon.
The fire dragon is almost dead.
Your shadow hits the fire dragon with a halberd!
The fire dragon bites you!
* * * LOW HITPOINT WARNING * * *
The fire dragon claws you!
* * * LOW HITPOINT WARNING * * *
The fire dragon tramples you but does no damage.
The swamp dragon closely misses you. x2; The swamp dragon tramples you.
* * * LOW HITPOINT WARNING * * *
You hold your ground!
Unknown command.
You feel much better. Magic courses through your body.
The fire dragon bites you!
* * * LOW HITPOINT WARNING * * *
The fire dragon claws you. The fire dragon tramples you.
* * * LOW HITPOINT WARNING * * *
You hold your ground!
The swamp dragon bites you.
* * * LOW HITPOINT WARNING * * *
The swamp dragon claws you but does no damage.
The swamp dragon completely misses you.
As you read the scroll of teleportation, it crumbles to dust.
You feel strangely unstable. The fire dragon breathes flames at you.
The blast of flame hits you! You resist.
* * * LOW HITPOINT WARNING * * *
The swamp dragon bites you but does no damage.
The swamp dragon claws you!
You die...

.....##....#♣♣..≈♣♣.♣♣♣
♣≈≈≈ ......#P...#♣P≈D@♣≈♣♣
♣ (? ♣≈≈
#....#.....#♣.≈D♣♣♣♣♣.♣$...
≈.
.....P.....#♣.≈≈♣≈♣§§≈..≈≈.
..
...........#♣..≈...≈D≈≈≈≈≈≈
.
#.#..##..###♣..÷≈.≈≈§≈§§≈≈≈
##.#.##### ♣..♣.≈≈≈≈≈≈≈≈≈.
##### ♣♣...≈≈≈≈≈≈≈..♣
♣♣♣..≈≈≈...♣♣♣ ♣♣♣♣♣♣♣♣♣♣


You could see a fire dragon and a swamp dragon.

Vanquished Creatures
  A minotaur (Lab)
  Fannar (Lair:3)
  6 hydras
  5 death yaks
  Urug (Lair:2)
  Pikel (D:6)
  2 griffons
  11 elephants
  14 spiny frogs
  4 black mambas
  4 rime drakes
  3 komodo dragons
  12 polar bears
  2 tyrant leeches (Lair:3)
  A boulder beetle (Lair:6)
  2 raiju (Lair:6)
  9 dream sheep (Lair:6)
  Sigmund (D:6)
  13 blink frogs
  48 yaks
  A wyvern (Lair:3)
  6 basilisks
  5 hippogriffs
  Eustachio (D:4)
  A hungry ghost (D:8)
  3 steam dragons (Lair:6)
  Menkaure (D:4)
  2 swamp worms (Lair:3)
  3 nagas (Lair:4)
  Edmund (D:5)
  4 wargs (Lair:6)
  10 water moccasins
  15 hell hounds (Lair:6)
  7 porcupines
  Purgy (Sewer)
  5 orc warriors
  2 swamp drakes (Lair:6)
  2 sky beasts
  A slave (D:7)
  13 black bears
  2 ice beasts (D:5)
  A necrophage (D:8)
  3 ogres
  25 wolves
  3 centaurs
  3 phantoms
  14 crocodiles
  Blork the orc (D:6)
  11 bullfrogs
  2 scorpions
  A howler monkey (D:4)
  A bullfrog zombie (D:4)
  3 hounds
  2 jellies
  5 orc priests
  2 bullfrog skeletons
  3 iguanas (Lair:6)
  5 orc wizards
  Ijyb (D:4)
  7 worker ants
  A hound skeleton (D:5)
  7 gnolls
  A howler monkey skeleton (D:7)
  5 adders
  A river rat (D:4)
  2 shadow imps
  3 white imps
  3 ufetubi
  4 oozes
  An adder zombie (D:5)
  5 worms
  2 dart slugs
  7 leopard geckos
  56 orcs
  5 ball pythons
  14 bats
  5 giant cockroaches
  8 goblins
  8 hobgoblins
  A jackal (D:5)
  2 weasels
  12 frilled lizards
  2 kobolds (D:3)
  A leopard gecko skeleton (D:7)
  14 rats
  2 bushes (D:4)
  A fungus (Lair:4)
  2 plants (Lair:6)
495 creatures vanquished.

Vanquished Creatures (collateral kills)
  3 oklob plants (Lair:5)
  A blink frog (Lair:5)
  2 dream sheep (Lair:6)
  A water moccasin (Lair:6)
  A bullfrog (Lair:3)
  A plant (Lair:6)
9 creatures vanquished.

Vanquished Creatures (others)
  A slave (D:7)
  A bullfrog (D:7)
  A scorpion (D:7)
  A shadow imp (D:7)
  An orc (D:7)
  A jackal (D:5)
  25 fungi
  37 plants
68 creatures vanquished.

Grand Total: 572 creatures vanquished

Notes
Turn   | Place    | Note
-------+----------+-------------------------------------------
     0 | D:1      | damerell the Vampire Wanderer began the quest for the Orb.
     0 | D:1      | damerell set off with the following items: a +2 scale mail,
                  | a +0 hand crossbow, 29 bolts, a scroll of teleportation, a
                  | potion of blood
     0 | D:1      | Reached XP level 1. HP: 18/18 MP: 1/1
     0 | D:1      | Upgraded the game from 0.23-ish-327-92-g4e138c7aa0 to
                  | 0.23-ish-327-95-g181beea39d
   193 | D:1      | Reached XP level 2. HP: 24/24 MP: 2/2
   231 | D:1      | Reached skill level 1 in Dodging
   800 | D:2      | Reached XP level 3. HP: 29/29 MP: 3/3
  1562 | D:2      | Reached XP level 4. HP: 32/36 MP: 4/4
  1582 | D:2      | HP: 9/36 [gnoll/enchanted flail (10)]
  1678 | D:2      | Reached skill level 1 in Polearms
  2362 | D:3      | Reached skill level 2 in Polearms
  2362 | D:3      | Reached XP level 5. HP: 23/41 MP: 5/5
  2618 | D:3      | Found an opulent altar of Gozag.
  3143 | D:3      | HP: 11/41 [orc/club (3)]
  3143 | D:3      | HP: 4/41 [orc priest/nerve-wracking pain (7)]
  3459 | D:4      | Found an iron altar of Okawaru.
  3473 | D:4      | Noticed Ijyb
  3481 | D:4      | Paralysed by Ijyb for 5 turns
  3491 | D:4      | Paralysed by Ijyb for 7 turns
  3499 | D:4      | Killed Ijyb
  3530 | D:4      | Reached skill level 3 in Polearms
  3582 | D:4      | Reached XP level 6. HP: 31/47 MP: 6/6
  3620 | D:4      | Found a blossoming altar of Fedhas.
  3622 | D:4      | Noticed Eustachio
  3626 | D:4      | Found a glowing silver altar of Zin.
  3627 | D:4      | Found an iron altar of Okawaru.
  3634 | D:4      | Killed Eustachio
  3634 | D:4      | Reached skill level 4 in Polearms
  3672 | D:4      | Found a bloodstained altar of Trog.
  3745 | D:4      | Noticed Menkaure
  3756 | D:4      | HP: 7/47 [Menkaure (9)]
  3756 | D:4      | HP: 1/47 [Menkaure (6)]
  3758 | D:4      | Killed Menkaure
  3758 | D:4      | Reached XP level 7. HP: 2/52 MP: 7/7
  3798 | D:4      | HP: 16/52 [adder (2)]
  4015 | D:4      | Found a glowing drain.
  4019 | Sewer    | Entered a sewer
  4116 | Sewer    | Noticed Purgy
  4130 | Sewer    | Killed Purgy
  4130 | Sewer    | Reached skill level 5 in Polearms
  4339 | D:4      | Reached skill level 5 in Dodging
  4433 | D:4      | Noticed hilarita's ghost (amateur TrHu)
  4436 | D:4      | Witnessed revenge of hilarita's ghost on a worker ant.
  4461 | D:3      | Found a shadowy altar of Dithmenos.
  4461 | D:3      | Found a hide-covered altar of Uskayaw.
  4579 | D:3      | Became a worshipper of Dithmenos the Shadowed
  4600 | D:5      | Entered Level 5 of the Dungeon
  4782 | D:5      | Noticed Edmund
  4796 | D:5      | Killed Edmund
  4885 | D:5      | Noticed a hippogriff
  4892 | D:5      | Killed a hippogriff
  4892 | D:5      | Reached skill level 6 in Polearms
  4892 | D:5      | Reached XP level 8. HP: 53/60 MP: 8/8
  5239 | D:5      | Noticed hilarita's ghost (novice CeHu)
  5245 | D:5      | Witnessed revenge of hilarita's ghost on a centaur.
  5677 | D:5      | Reached skill level 7 in Polearms
  5782 | D:5      | Reached * piety under Dithmenos
  5948 | D:6      | Reached skill level 5 in Fighting
  6056 | D:6      | Noticed Blork the orc
  6062 | D:6      | Killed Blork the orc
  6217 | D:6      | Found an ornate altar of the Wu Jian Council.
  6347 | D:6      | Noticed Sigmund
  6352 | D:6      | Killed Sigmund
  6352 | D:6      | Reached skill level 8 in Polearms
  6435 | D:6      | Found a hide-covered altar of Uskayaw.
  6443 | D:6      | Reached XP level 9. HP: 47/68 MP: 9/9
  6591 | D:6      | Found a sparkling altar of Nemelex Xobeh.
  6937 | D:7      | Found Ynotaop's Antique Weapon Boutique.
  7087 | D:7      | Noticed Pikel
  7114 | D:6      | Killed Pikel
  7114 | D:6      | Reached skill level 9 in Polearms
  7784 | D:7      | Found a staircase to the Ecumenical Temple.
  8152 | D:7      | Reached ** piety under Dithmenos
  8181 | D:8      | Reached skill level 10 in Polearms
  8590 | D:8      | Found a snail-covered altar of Cheibriados.
  9038 | D:8      | Reached XP level 10. HP: 74/74 MP: 10/10
  9155 | D:9      | Found Kuh Dosi's Supply Emporium.
  9225 | D:9      | Found a roughly hewn altar of Beogh.
  9313 | D:9      | Reached *** piety under Dithmenos
  9634 | D:9      | Found Puilugapp's General Store.
  9662 | D:9      | Found Bewk's Gadget Boutique.
  9663 | D:9      | Found Cykhaosk's Book Boutique.
  9664 | D:9      | Found a staircase to the Lair.
  9740 | D:9      | Reached skill level 11 in Polearms
  9848 | D:9      | Found Wuats's Distillery.
  9855 | D:9      | Bought a potion of heal wounds for 80 gold pieces
  9855 | D:9      | Bought a potion of lignification for 48 gold pieces
  9855 | D:9      | Bought a potion of agility for 64 gold pieces
  9855 | D:9      | Bought a potion of flight for 48 gold pieces
 10082 | Lair:1   | Entered Level 1 of the Lair of Beasts
 10251 | Lair:1   | Reached skill level 5 in Stealth
 10258 | Lair:1   | Learned a level 3 spell: Call Canine Familiar
 10376 | Lair:1   | Reached skill level 1 in Summonings
 10494 | Lair:1   | HP: 36/111 [blink frog (9)]
 10504 | Lair:1   | HP: 29/114 [blink frog (5)]
 10751 | Lair:1   | Noticed a spiny frog
 10760 | Lair:1   | Killed a spiny frog
 10762 | Lair:1   | Reached XP level 11. HP: 69/81 MP: 8/11
 10848 | Lair:1   | Noticed a six-headed hydra
 10875 | Lair:1   | Reached skill level 12 in Polearms
 11288 | Lair:1   | You fall through a shaft!
 11642 | Lair:1   | Killed a six-headed hydra
 12416 | Lair:2   | Noticed Urug
 12423 | Lair:2   | Killed Urug
 12530 | Lair:2   | Found a radiant altar of Vehumet.
 13003 | Lair:2   | Reached skill level 1 in Spellcasting
 13106 | Lair:2   | Learned a level 4 spell: Summon Ice Beast
 14023 | Lair:3   | Reached skill level 1 in Ice Magic
 14025 | Lair:3   | Reached skill level 13 in Polearms
 14046 | Lair:3   | Noticed Fannar
 14298 | Lair:3   | Killed Fannar
 14559 | Lair:3   | Reached XP level 12. HP: 71/88 MP: 12/15
 15054 | Lair:3   | Reached **** piety under Dithmenos
 15116 | Lair:3   | Found a staircase to the Swamp.
 15585 | Lair:3   | HP: 19/89 [blink frog (15)]
 15921 | Lair:4   | Noticed a four-headed hydra
 15937 | Lair:4   | Killed a four-headed hydra
 16018 | Lair:4   | Found a staircase to the Snake Pit.
 16366 | Lair:4   | Got an ancient scale mail
 16377 | Lair:4   | Identified the +1 scale mail "Cier Raryh" {rPois rF+
                  | Regen+} (You found it on level 4 of the Lair of Beasts)
 16552 | Lair:4   | Reached skill level 5 in Summonings
 16743 | Lair:4   | Noticed an eight-headed hydra
 16758 | Lair:4   | Killed an eight-headed hydra
 16758 | Lair:4   | Reached skill level 5 in Ice Magic
 17513 | Lair:5   | Found a labyrinth entrance.
 17532 | Lab      | Entered a labyrinth
 17801 | Lab      | Found an exit through the horrors of the Abyss.
 17837 | Lab      | Noticed a minotaur
 17847 | Lab      | Killed a minotaur
 17916 | Lab      | Got a bloodstained leather armour
 17927 | Lab      | Identified the cursed +1 leather armour of the Wild Haggis
                  | {rF+ MR+} (You found it in a labyrinth)
 17962 | Lair:4   | Reached skill level 5 in Spellcasting
 18280 | Lair:5   | Reached XP level 13. HP: 96/96 MP: 20/20
 18306 | Lair:5   | Reached skill level 14 in Polearms
 18306 | Lair:5   | Reached skill level 10 in Dodging
 19200 | Lair:5   | Reached ***** piety under Dithmenos
 19848 | Lair:6   | Entered Level 6 of the Lair of Beasts
 19919 | Lair:6   | Reached skill level 1 in Invocations
 20663 | Lair:6   | Found a viscous altar of Jiyva.
 20665 | Lair:6   | Found a staircase to the Slime Pits.
 21997 | Lair:6   | Reached ****** piety under Dithmenos
 22142 | Lair:6   | Reached XP level 14. HP: 101/105 MP: 24/26
 22837 | Lair:6   | Learned a level 4 spell: Summon Lightning Spire
 23127 | Lair:6   | HP: 26/105 [fire dragon (10)]
 23131 | Lair:6   | HP: 11/105 [fire dragon (5)]
 23134 | Lair:6   | HP: 4/105 [fire dragon/blast of flame (9)]
 23134 | Lair:6   | Slain by a swamp dragon

Vault maps used:
D:1:      wander_arrival_chamber, minmay_crystal_water
D:2:      minmay_increasing_density
D:3:      lemuel_coloured_pillars_altar, nicolae_overflow_hidden_temple
D:4:      bloody_trog, minitemple, gup_sewer_entry_spiral, minmay_hedge_maze,
          okawaru_gym_becter, uniq_eustachio, uniq_menkaure, uniq_ijyb
D:5:      serial_co_window_serial, co_window_paths_b, co_window_corner_a,
          co_window_corner_a, co_window_corner_a, co_window_of_opportunity_a,
          co_window_unsneaky_path_c, co_window_unsneaky_path_a,
          co_window_broadway_a, co_window_of_opportunity_c,
          co_window_of_opportunity_c, co_window_of_opportunity_c,
          co_window_broadway_b, glass_columns_b, glass_columns_a,
          glass_columns_b, glass_columns_b, glass_columns_a, first_bread,
          uniq_edmund
D:6:      kennysheep_mini_moat, basic_altar, nemelex_dance_club_becter,
          uniq_blork_the_orc, uniq_sigmund
D:7:      minmay_temple_entry_fiery, serial_shops, shop, uniq_pikel
D:8:      cheibriados_altar_1, grunt_ogre_cave
D:9:      lair_entry_dummy, special_room, serial_shops, shop, shop, shop,
          shop_statue, shop, grunt_ministairs_15
Lair:2:   basic_altar, infiniplex_staircase_pool, grunt_megastairs_3, uniq_urug
Lair:3:   minmay_swamp_entry_worms, minivault_11, uniq_fannar
Lair:4:   guppyfry_snake_entry_island, serial_bayou_shore_a
Lair:5:   dpeg_oklob_gauntlet, lab_entry_generic, cheibrodos_lair_lostbears,
          lemuel_fruit_tree, serial_bayou_shore_b
Lair:6:   hangedman_lair_caniforms_friends, guppyfry_lair_end_dragon,
          slime_altar_1, serial_bayou, serial_bayou_pond_b,
          serial_bayou_shore_b, serial_bayou_pond_c, serial_bayou_crossing
Lab:      labyrinth_spiral, labyrinth_fake_exit, nicolae_lab_plus, lab_hedge,
          labyrinth_skeletal_remains, lab_fountain, nicolae_lab_arrow,
          nicolae_lab_swirl, lab_statue_stone, lab_statue_stone,
          lab_statue_stone
Sewer:    sewer_co_purgy_island

Skill      XL: |  1  2  3  4  5  6  7  8  9 10 11 12 13 14 |
---------------+-------------------------------------------+-----
Stealth        | 2 3 4 6 8 |  8.2
Dodging        | 1 2 3 4 5 8 9 10 | 10.7
Polearms       | 2 3 4 6 8 10 11 13 14 | 14.8
Fighting       | 4 5 6 7 8 |  8.0
Summonings     | 2 4 5 6 7 |  7.1
Spellcasting   | 2 5 8 |  8.8
Ice Magic      | 2 5 6 |  6.0
Armour         | 4 |  4.0
Invocations    | 3 4 |  4.4
Crossbows      | |  1.8
Shields        | |  1.0
Air Magic      | |  0.7

Action                   |  1- 3 |  4- 6 |  7- 9 | 10-12 | 13-15 || total
-------------------------+-------+-------+-------+-------+-------++-------
Melee: Short sword       |    57 |       |       |       |       ||    57
       Bite              |     5 |    18 |    29 |    69 |    66 ||   187
       Spear             |    21 |     7 |       |    34 |    35 ||    97
       Halberd           |       |   174 |   356 |   713 |   634 ||  1877
 Fire: Hand crossbow     |    36 |     2 |       |       |       ||    38
Throw: Dart              |     1 |     4 |     3 |     7 |       ||    15
       Stone             |    30 |    86 |   168 |   173 |   135 ||   592
       Boomerang         |       |       |       |     8 |       ||     8
       Javelin           |       |       |       |    11 |       ||    11
 Cast: Call Canine Famil |       |       |       |     8 |     3 ||    11
       Summon Ice Beast  |       |       |       |     1 |    24 ||    25
Invok: Shadow Step       |       |       |       |     1 |       ||     1
Evoke: Wand              |       |       |     2 |     3 |     5 ||    10
  Use: Scroll            |     5 |     4 |     1 |    12 |     5 ||    27
       Potion            |       |     4 |     1 |     9 |    26 ||    40
 Stab: Sleeping          |       |       |     8 |     5 |     3 ||    16
       Paralysed         |       |       |     2 |       |       ||     2
       Distracted        |       |       |     1 |     1 |     3 ||     5
  Eat: Corpse            |     7 |    10 |    18 |    24 |     7 ||    66
Armor: Scale mail        |    48 |    57 |     8 |    41 |       ||   154
       Leather armour    |       |       |    26 |     1 |   140 ||   167
       Robe              |       |       |    16 |    66 |       ||    82
       Skin              |       |       |       |    14 |       ||    14
Dodge: Dodged            |    55 |    65 |   214 |   383 |   455 ||  1172

Table legend:
 A = Spawn XP
 B = Non-spawn XP
 C = Spawn XP percentage of total XP
 D = Spawn monster count
 E = Non-spawn monster count
 F = Spawn count percentage of total count
 G = Total turns spent on level
                    A         B        C        D         E        F      G
               +---------+---------+-------+---------+---------+-------+---------
         Total |   22528 |   49039 |  31.5 |     106 |     391 |  21.3 | 23134
               +---------+---------+-------+---------+---------+-------+---------
           D:1 |       4 |      20 |  16.7 |       3 |       9 |  25.0 |   668
           D:2 |      16 |      91 |  15.0 |       8 |      21 |  27.6 |  1392
           D:3 |      62 |      92 |  40.3 |      10 |      29 |  25.6 |  1421
           D:4 |      32 |     677 |   4.5 |       1 |      21 |   4.5 |   878
           D:5 |     309 |     514 |  37.5 |       3 |      17 |  15.0 |  1259
           D:6 |      55 |    1539 |   3.5 |       5 |      21 |  19.2 |   965
           D:7 |     292 |     610 |  32.4 |       4 |      17 |  19.0 |  1298
           D:8 |     124 |    1023 |  10.8 |       1 |      26 |   3.7 |  1065
           D:9 |       0 |    1700 |   0.0 |       0 |      30 |   0.0 |   999
        Lair:1 |    3259 |    4157 |  43.9 |      14 |      16 |  46.7 |  2111
        Lair:2 |    1516 |    2142 |  41.4 |       8 |       9 |  47.1 |  1230
        Lair:3 |    1731 |    5435 |  24.2 |       8 |      24 |  25.0 |  2369
        Lair:4 |    3957 |    6696 |  37.1 |       9 |      32 |  22.0 |  1678
        Lair:5 |    2325 |    4064 |  36.4 |       8 |      13 |  38.1 |  2016
        Lair:6 |    8846 |   19019 |  31.7 |      24 |      97 |  19.8 |  3145
           Lab |       0 |    1111 |   0.0 |       0 |       1 |   0.0 |   399
         Sewer |       0 |     149 |   0.0 |       0 |       8 |   0.0 |   241
               +---------+---------+-------+---------+---------+-------+---------
